 Dungeon Crawl Stone Soup version 0.27.1 (webtiles) character file.

Game seed: 10329637380221303102

1012 MajorAdolf the Firebug (level 8, -1/63 HPs)
             Began as a Naga Wanderer on Sept 1, 2021.
             Slain by an ice beast (4 damage)
             ... on level 6 of the Dungeon.
             The game lasted 00:12:09 (7607 turns).

MajorAdolf the Firebug (Naga Wanderer)              Turns: 7607, Time: 00:12:10

Health: -1/63      AC:  4    Str: 12    XL:     8   Next: 21%
Magic:  7/8        EV:  9    Int: 20    God:
Gold:   287        SH:  4    Dex: 14    Spells: 8/9 levels left

rFire    . . .     SeeInvis +   u - +2 flail (holy)
rCold    . . .     Faith    .   h - +0 buckler
rNeg     . . .     Spirit   .   d - +0 robe
rPois    +         Reflect  .   (helmet restricted)
rElec    .         Harm     .   (no cloak)
rCorr    .         Rampage  .   s - +0 pair of gloves
Will     +....                  (no barding)
Stlth    ++........             (no amulet)
HPRegen  0.20/turn              n - +6 ring of intelligence
MPRegen  0.11/turn              q - ring of wizardry

@: very slow
A: AC +2, large, see invisible, deformed body, poison resistance, slowness 2,
spit poison 2, naga tail 1, horns 1, low mp 1
a: Breathe Poison Gas


You were on level 6 of the Dungeon.
You visited 1 branch of the dungeon, and saw 6 of its levels.

You collected 287 gold pieces.

Inventory:

Hand Weapons
 a - a +2 dagger
 t - a +0 falchion
 u - a +2 flail of holy wrath (weapon)
Armour
 d - a +0 robe (worn)
 h - a +0 buckler (worn)
 s - a +0 pair of gloves (worn)
Jewellery
 n - a +6 ring of intelligence (left hand)
 q - a ring of wizardry (right hand)
Scrolls
 b - 2 scrolls of fear
 e - a scroll of summoning
 g - 2 scrolls of enchant weapon
 i - a scroll of fog
 j - 2 scrolls of magic mapping
 k - a scroll of brand weapon
 r - 3 scrolls of amnesia {unknown}
 v - a scroll of teleportation
Potions
 c - a potion of curing {unknown}
 f - a potion of magic {unknown}
 l - 2 potions of flight
 m - a potion of cancellation {unknown}
 o - a potion of brilliance {unknown}
 p - a potion of mutation


   Skills:
 - Level 0.8 Fighting
 - Level 1.0 Dodging
 - Level 3.0 Stealth
 - Level 1.1 Shields
 - Level 1.0 Spellcasting
 + Level 6.3 Conjurations
 + Level 7.1 Fire Magic
 - Level 1.0 Ice Magic
 - Level 1.0 Evocations


You had 8 spell levels left.
You knew the following spells:

 Your Spells              Type           Power      Damage    Failure   Level
a - Foxfire               Conj/Fire      100%       2x1d9     1%          1

Your spell library contained the following spells:

 Spells                   Type           Power      Damage    Failure   Level
 Conjure Flame            Conj/Fire      28%        6-21      1%          3
 Corona                   Hex            1%         N/A       9%          1
 Ensorcelled Hibernation  Hex/Ice        6%         N/A       11%         2
 Blink                    Tloc           N/A        N/A       13%         2
 Lesser Beckoning         Tloc           0%         N/A       26%         3
 Tukima's Dance           Hex            1%         N/A       26%         3
 Manifold Assault         Tloc           1%         N/A       91%         5


Dungeon Overview and Level Annotations

Branches:
Dungeon (6/15)
 Temple: D:4-7

Altars:
Fedhas


Innate Abilities, Weirdness & Mutations

Your serpentine skin is tough. (AC +2)
You have supernaturally acute eyesight. (SInv)
Armour fits poorly on your strangely shaped body.
Your system is resistant to poisons. (rPois)
You cover ground very slowly.
You can exhale a cloud of poison.
You have a snake-like lower body.
You have a pair of small horns on your head.
Your magical capacity is low. (-10% MP)


Message History

Aim: an ice beast You exhale a blast of poison gas.
The poison gas misses the ice beast.
Unknown command.
Unknown command.
Unknown command.
You closely miss the ice beast. You block the ice beast's attack.
Unknown command.
You closely miss the ice beast. You block the ice beast's attack.
You completely miss the ice beast.
The ice beast hits you but does no damage.
You block the ice beast's attack.
You barely miss the ice beast. The ice beast barely misses you.
You barely miss the ice beast. The ice beast hits you.
The ice beast freezes you. The ice beast misses you.
You sock the ice beast! You headbutt the ice beast.
The ice beast is heavily wounded.
The ice beast hits you. The ice beast freezes you!
You hit the ice beast.
The ice beast is heavily wounded.
You have got your breath back.
The ice beast hits you. The ice beast freezes you!
You hit the ice beast.
You headbutt the ice beast, but do no damage.
The ice beast is severely wounded.
The ice beast hits you. The ice beast freezes you!
* * * LOW HITPOINT WARNING * * *
The ice beast closely misses you.
You hit the ice beast but do no damage. Your headbutt misses the ice beast.
The ice beast is severely wounded.
The ice beast hits you.
* * * LOW HITPOINT WARNING * * *
The ice beast freezes you!
* * * LOW HITPOINT WARNING * * *
Unknown command.
Okay, then.
Okay, then.
Casting: Foxfire (safe; 1% risk of failure)
Confirm with . or Enter, or press ? or * to list all spells.
You conjure some foxfire!
The ice beast hits you.
You die...

..................
#...#..
..................
###
..................
.
..........).......
...........##.....
...........#...#
...........))..#
....#..).Y..##.
.........@.##
........vv##
.#.........
##.........
#.[.........
..........#..
#.........#...
#.##.....# ...


You could see an ice beast (ally target).

Vanquished Creatures
  Prince Ribbit (D:5)
  A steam dragon (D:6)
  A sky beast (D:4)
  An ogre (D:4)
  2 scorpions
  A wyvern skeleton (D:5)
  A jelly (D:5)
  An orc priest (D:6)
  A bullfrog skeleton (D:6)
  A gnoll shaman (D:5)
  2 orc wizards (D:5)
  A killer bee zombie (D:5)
  4 gnolls (D:5)
  6 adders
  An ufetubus (D:4)
  A dart slug (D:5)
  A worm (D:2)
  7 orcs
  5 ball pythons
  4 bats
  2 endoplasms (D:3)
  6 giant cockroaches
  7 hobgoblins
  2 jackals (D:2)
  3 frilled lizards
  8 goblins
  A kobold (D:1)
  A rat (D:3)
73 creatures vanquished.

Vanquished Creatures (others)
  242 foxfires
  A fungus (D:1)
  4 plants (D:1)
247 creatures vanquished.

Grand Total: 320 creatures vanquished

Notes
Turn   | Place    | Note
-------+----------+-------------------------------------------
     0 | D:1      | MajorAdolf the Naga Wanderer began the quest for the Orb.
     0 | D:1      | MajorAdolf set off with the following items: a +2 dagger, a
                  | scroll of fear, a scroll of teleportation, a +0 robe; and
                  | the following spell memorised: Foxfire; and the following
                  | spells available to memorise: Conjure Flame
     0 | D:1      | Reached XP level 1. HP: 15/15 MP: 2/2
   220 | D:1      | Found a faded altar of an unknown god.
   548 | D:1      | Reached XP level 2. HP: 21/24 MP: 0/3
  1407 | D:2      | Found a blossoming altar of Fedhas.
  1473 | D:2      | HP: 1/24 [poisoned by an adder]
  1479 | D:2      | Reached skill level 1 in Conjurations
  1483 | D:2      | Reached XP level 3. HP: 18/30 MP: 1/4
  2958 | D:3      | Reached XP level 4. HP: 28/37 MP: 0/5
  3265 | D:3      | Reached skill level 4 in Fire Magic
  4514 | D:4      | Noticed an ogre
  4520 | D:4      | Killed an ogre
  4521 | D:4      | Reached XP level 5. HP: 43/43 MP: 0/6
  5086 | D:5      | Entered Level 5 of the Dungeon
  5086 | D:5      | Noticed a sky beast
  5097 | D:4      | Killed a sky beast
  5098 | D:4      | Reached skill level 5 in Fire Magic
  5098 | D:4      | Reached XP level 6. HP: 26/50 MP: 2/7
  5413 | D:5      | Gained mutation: Your magical capacity is low. (-10% MP)
                  | [potion of mutation]
  5413 | D:5      | Gained mutation: You have a pair of small horns on your
                  | head. [potion of mutation]
  5413 | D:5      | Gained mutation: You can exhale a cloud of poison. [potion
                  | of mutation]
  5448 | D:6      | Noticed a water moccasin
  5459 | D:6      | Noticed an ice beast
  5708 | D:5      | HP: 1/50 [gnoll (3)]
  5846 | D:5      | Reached XP level 7. HP: 26/56 MP: 4/7
  6763 | D:5      | Noticed Prince Ribbit
  6769 | D:5      | Killed Prince Ribbit
  6770 | D:5      | Reached skill level 5 in Conjurations
  6770 | D:5      | Reached skill level 6 in Fire Magic
  7077 | D:6      | Noticed a steam dragon
  7133 | D:6      | Killed a steam dragon
  7134 | D:6      | Reached XP level 8. HP: 28/63 MP: 8/8
  7319 | D:6      | Reached skill level 7 in Fire Magic
  7606 | D:6      | HP: 3/63 [ice beast (9)]
  7607 | D:6      | Slain by an ice beast

Illustrated notes

Levels and vault maps discovered:
D:1:      minmay_arrival_hallway, layout_loops_corners,
          shapermc_ecumenical_altar_mp_urbaneastern, corexii_corridor_pit,
          amcnicky_mini_rare_corridor_liquid, minmay_misc_feat_columns
D:2:      layout_loops_ring, basic_altar, mrwooster_statue_mirror
D:3:      layout_loops_cross
D:4:      layout_basic
D:5:      minmay_diamond_boxcup, layout_rooms, uniq_prince_ribbit1
D:6:      layout_cave_pools, minmay_temple_entry_purple_smoke

Skill      XL: |  1  2  3  4  5  6  7  8 |
---------------+-------------------------+-----
Conjurations   | 1 2 3 4 6 |  6.3
Fire Magic     | 4 5 6 7 |  7.1
Fighting       | |  0.8
Dodging        | |  1.0
Stealth        | |  3.0
Shields        | |  1.1
Spellcasting   | |  1.0
Ice Magic      | |  1.0
Evocations     | |  1.0

Action                   |  1- 3 |  4- 6 |  7- 9 || total
-------------------------+-------+-------+-------++-------
Melee: Dagger            |    50 |    11 |       ||    61
       Falchion          |       |     9 |     5 ||    14
       Headbutt          |       |     5 |     2 ||     7
       Flail             |       |       |    14 ||    14
 Cast: Foxfire           |    60 |    50 |    26 ||   136
 Abil: Spit Poison       |     7 |     5 |       ||    12
       Breathe Poison Ga |       |     2 |     9 ||    11
  Use: Potion            |     1 |     2 |       ||     3
       Scroll            |       |     8 |       ||     8
 Stab: Sleeping          |     1 |     1 |       ||     2
Armor: Robe              |     8 |    10 |     3 ||    21
Dodge: Dodged            |    36 |    28 |    13 ||    77
Block: Buckler           |    11 |     8 |     5 ||    24
       Rpst.: Falchion   |       |     2 |     2 ||     4
